 Dungeon Crawl Stone Soup version 0.23.2-1-ga50397a (webtiles) character file.

Game seed: 4676123263080280400

325 diana the Covered (level 6, -7/39 HPs)
             Began as a Gargoyle Fighter on May 28, 2019.
             Mangled by an ogre
             ... wielding a +0 giant spiked club
              (28 damage)
             ... on level 3 of the Dungeon.
             The game lasted 00:05:25 (2997 turns).

diana the Covered (Gargoyle Fighter)                Turns: 2997, Time: 00:05:26

Health: -7/39      AC: 14    Str: 22    XL:     6   Next: 48%
Magic:  6/6        EV:  6    Int:  8    God:
Gold:   129        SH:  9    Dex:  9    Spells: 5/5 levels left

rFire    + + .     SeeInvis .   a - +0 flail
rCold    . . .     Gourm    .   c - +0 shield
rNeg     + . .     Faith    .   m - +0 chain mail {rF+}
rPois    ∞         Spirit   .   (no helmet)
rElec    +         Reflect  .   (no cloak)
rCorr    .         Harm     .   (no gloves)
MR       .....                  (no boots)
Stlth    ..........             n - amulet of magic regeneration
HPRegen  0.13/turn              r - ring of protection from fire
MPRegen  0.35/turn              s - ring of flight

@: no status effects
A: negative energy resistance 1, electricity resistance, unbreathing,
petrification resistance, rot immunity, AC +4
a: Evoke Flight


You were on level 3 of the Dungeon.
You were not hungry.

You visited 1 branch of the dungeon, and saw 4 of its levels.

You collected 129 gold pieces.

Inventory:

Hand Weapons
 a - a +0 flail (weapon)
Armour
 b - a +0 scale mail
 c - a +0 shield (worn)
 m - a +0 chain mail of fire resistance (worn)
Jewellery
 n - an amulet of magic regeneration (around neck)
 r - a ring of protection from fire (left hand)
 s - a ring of flight (right hand)
Scrolls
 d - a scroll of amnesia {unknown}
 e - 3 scrolls of teleportation {unknown}
 h - a scroll of magic mapping {unknown}
 k - 3 scrolls of identify {unknown}
 p - a scroll of enchant weapon {unknown}
Potions
 g - 2 potions of brilliance {unknown}
 i - a potion of heal wounds {unknown}
 j - a potion of invisibility {unknown}
 l - a potion of lignification {unknown}
 o - a potion of haste {unknown}
 q - a potion of mutation {unknown}
Comestibles
 f - 4 rations


   Skills:
 + Level 4.4 Fighting
 + Level 3.1 Maces & Flails
 * Level 5.2 Armour
 + Level 1.7 Dodging
 + Level 4.2 Shields


You had 5 spell levels left.
You didn't know any spells.
Your spell library was empty.

Dungeon Overview and Level Annotations

Branches:
Dungeon (4/15)
 Temple: D:4-7

Altars:

Annotations:
D:4 Dowan, Duvessa


Innate Abilities, Weirdness & Mutations

You are resistant to torment.
Your stone body is resilient. (AC +4)
You are immune to poison.
You resist negative energy. (rN+)
You are resistant to electric shocks. (rElec)
You can survive without breathing.
You are immune to petrification.
You are immune to rotting.


Message History

The jackal bites you.
The jackal bites you but does no damage.
You block the jackal's attack.
The jackal bites you but does no damage.
Your shield and chain mail prevent you from hitting the jackal.
The jackal bites you but does no damage.
You block the jackal's attack.
Your shield and chain mail prevent you from hitting the jackal.
The jackal bites you but does no damage. x2
You closely miss the jackal.
The jackal bites you but does no damage.
You block the jackal's attack.
You hit the jackal but do no damage. You block the jackal's attack. x2
You closely miss the jackal. You block the jackal's attack.
You sock the jackal!
You kill the jackal!
You see here a +0 club.
The ogre hits you with a +0 giant spiked club!!
Ouch! That really hurt!
You die...

### ###### #.# #.##.######## #.#
#.........#.. #.###.#..##.###.#
########## #...........# #.#
.........########.###.##.#### #.#
#####....##..............# #.#
#....##.######.##.##.######.#
#####....##.....@O..............#
....+.......###..#.##...........#
#####....##.#.......#...........#
..........#......#..............#
.#.#####..#.#....#..........###.#
.#.....#.........#.#........###.#
.#####.#....................##...
.......).........#......###.##..#
.#####.#.#.......#..#...###.##..#


You could see an ogre.

Vanquished Creatures
  Grinder (D:3)
  3 gnolls (D:2)
  2 adders
  An ooze (D:1)
  An adder skeleton (D:4)
  4 worms
  A leopard gecko (D:4)
  An orc (D:3)
  3 giant cockroaches
  8 goblins
  7 hobgoblins
  10 jackals
  A quokka (D:2)
  A ball python (D:1)
  7 bats
  4 frilled lizards
  8 kobolds
  5 rats
68 creatures vanquished.

Notes
Turn   | Place    | Note
-------+----------+-------------------------------------------
     0 | D:1      | diana the Gargoyle Fighter began the quest for the Orb.
     0 | D:1      | Reached XP level 1. HP: 14/14 MP: 1/1
   205 | D:1      | Reached XP level 2. HP: 9/19 MP: 2/2
  1070 | D:1      | Reached XP level 3. HP: 20/23 MP: 3/3
  1407 | D:2      | Reached skill level 4 in Armour
  1677 | D:2      | Reached XP level 4. HP: 29/29 MP: 4/4
  1684 | D:2      | Reached skill level 1 in Dodging
  2336 | D:3      | Noticed Grinder
  2338 | D:3      | Paralysed by Grinder for 3 turns
  2348 | D:3      | Killed Grinder
  2348 | D:3      | Reached skill level 5 in Armour
  2348 | D:3      | Reached XP level 5. HP: 11/34 MP: 5/5
  2348 | D:3      | Reached XP level 6. HP: 12/39 MP: 6/6
  2918 | D:4      | Noticed Duvessa
  2918 | D:4      | Noticed Dowan
  2997 | D:3      | Mangled by an ogre

Skill      XL: |  1  2  3  4 |
---------------+-------------+-----
Armour         | 4 5 |  5.2
Dodging        | 1 |  1.7
Fighting       | 4 |  4.4
Maces & Flails | 3 |  3.1
Shields        | 4 |  4.2

Action                   |  1- 3 |  4- 6 || total
-------------------------+-------+-------++-------
Melee: Flail             |   112 |   165 ||   277
  Use: Potion            |       |     1 ||     1
  Eat: Chunk             |     2 |     5 ||     7
Armor: Scale mail        |    82 |     9 ||    91
       Chain mail        |       |    94 ||    94
Dodge: Dodged            |    50 |    41 ||    91
Block: Shield            |    87 |   103 ||   190
